 Dungeon Crawl Stone Soup version 0.30.0-5-g1a98f26d00 (webtiles) character file.

Game seed: 3108213718593803182

104 Irreverend the Shooter (level 4, 0/23 HPs)
             Began as a Spriggan Hunter on May 10, 2023.
             Succumbed to a scorpion's poison
             ... on level 5 of the Dungeon.
             The game lasted 00:01:55 (1429 turns).

Irreverend the Shooter (Spriggan Hunter)            Turns: 1429, Time: 00:01:55

Health: 0/23       AC:  2    Str:  7    XL:     4   Next: 52%
Magic:  5/5        EV: 19    Int: 10    God:
Gold:   75         SH:  0    Dex: 20    Spells: 3/3 levels left

rFire   . . .        a - +0 shortbow
rCold   . . .        (shield currently unavailable)
rNeg    . . .        c - +0 robe
rPois   .            (helmet restricted)
rElec   .            (no cloak)
rCorr   .            (gloves unavailable)
SInv    +            (boots unavailable)
Will    .....        (no amulet)
Stlth   +++          (no ring)
HPRegen 0.23/turn    (no ring)
MPRegen 0.09/turn

%: no passive effects
@: lethally poisoned (0 -> -6), very quick
A: very small, no large weapons, unfitting armour, see invisible, speed 3
a: no special abilities


You were on level 5 of the Dungeon.
You visited 1 branch of the dungeon, and saw 4 of its levels.

You collected 75 gold pieces.

Inventory:

Hand Weapons
 a - a +0 shortbow (weapon)
Armour
 c - a +0 robe (worn)
Scrolls
 b - 2 scrolls of immolation
 e - 4 scrolls of identify {unknown}
 f - a scroll of teleportation {unknown}
Potions
 d - a potion of might {unknown}
 g - a potion of attraction {unknown}
 h - a potion of flight {unknown}


   Skills:
 + Level 2.3 Fighting
 + Level 4.5 Ranged Weapons
 + Level 3.9 Dodging
 + Level 3.7 Stealth


You had 3 spell levels left.
You didn't know any spells.
Your spell library was empty.

Dungeon Overview and Level Annotations

Branches:
Dungeon (3/15)

Altars:


Innate Abilities, Weirdness & Mutations

You are very small and have problems with some larger weapons.
You are too small for most types of armour.
You have supernaturally acute eyesight. (SInv)
You cover ground extremely quickly. (Speed+++)


Message History

The scorpion is severely wounded.
The scorpion completely misses you.
You shoot an arrow. The arrow hits the scorpion.
The scorpion is almost dead.
The scorpion stings you. x2
You shoot an arrow. The arrow closely misses the scorpion.
The scorpion stings you.
You are lethally poisoned!
The scorpion poisons you!
You are too injured to fight recklessly!
You are too injured to fight recklessly!
You are too injured to fight recklessly!
You are too injured to fight recklessly!
You are too injured to fight recklessly!
You are too injured to fight recklessly!
You are too injured to fight recklessly!
You are too injured to fight recklessly!
You are too injured to fight recklessly!
You are too injured to fight recklessly!
You are too injured to fight recklessly!
You are too injured to fight recklessly!
You are too injured to fight recklessly!
You are too injured to fight recklessly!
You are too injured to fight recklessly!
You are too injured to fight recklessly!
You are too injured to fight recklessly!
You are too injured to fight recklessly!
* * * LOW HITPOINT WARNING * * *
You feel very sick.
* * * LOW HITPOINT WARNING * * *
You feel sick.
* * * LOW HITPOINT WARNING * * *
You feel sick.
* * * LOW HITPOINT WARNING * * *
You feel sick.
* * * LOW HITPOINT WARNING * * *
You feel sick.
* * * LOW HITPOINT WARNING * * *
You feel sick.
You die...

+####+ ..... .... ...
.. ### .# #
#...#########.##...#
#....@..s...........
#...................
#..................###
#######.##.##..##...#..
#.....#.##.##..##...#..
#.....#........... .#..
#.....#........... #..
#.....#........... #..
#.......#########+###..


You could see a scorpion.

Vanquished Creatures
  A howler monkey (D:5)
  2 adders (D:2)
  3 dart slugs (D:2)
  2 bats (D:1)
  3 endoplasms
  4 giant cockroaches
  4 goblins
  A hobgoblin (D:2)
  6 jackals
  A kobold (D:2)
  A quokka (D:2)
  2 ball pythons (D:2)
  3 frilled lizards
  12 rats
45 creatures vanquished.

Notes
Turn   | Place    | Note
-------+----------+-------------------------------------------
     0 | D:1      | Irreverend the Spriggan Hunter began the quest for the Orb.
     0 | D:1      | Reached XP level 1. HP: 10/10 MP: 2/2
   213 | D:1      | Reached XP level 2. HP: 13/15 MP: 3/3
   746 | D:2      | Reached XP level 3. HP: 18/18 MP: 4/4
  1235 | D:2      | Reached XP level 4. HP: 17/23 MP: 5/5
  1310 | D:3      | You fall into a shaft and drop 2 floors!
  1310 | D:5      | Entered Level 5 of the Dungeon
  1414 | D:5      | Noticed a scorpion
  1427 | D:5      | HP: 1/23 [poisoned by a scorpion]
  1429 | D:5      | Succumbed to a scorpion's poison

Illustrated notes

Levels and vault maps discovered:
D:1:      minmay_arrival_open_corners, layout_basic, minmay_rat_gold_closets
D:2:      layout_basic
D:3:      layout_loops_corners, nicolae_overflow_hidden_temple,
          minmay_overflow_temple_hex, minmay_misc_feat_more_columns,
          uniq_natasha, uniq_ijyb, uniq_grinder
D:5:      layout_gridville

Skill      XL: |  1  2  3 |
---------------+----------+-----
Stealth        | 2 3 |  3.7
Dodging        | 3 |  3.9
Fighting       | 2 |  2.3
Ranged Weapons | |  4.5

Action                     |  1- 3 |  4- 6 || total
---------------------------+-------+-------++-------
   Fire: Shortbow          |   111 |    12 ||   123
 Armour: Robe              |     3 |       ||     3
  Dodge: Dodged            |    66 |     5 ||    71
